 Dungeon Crawl Stone Soup version 0.17.0-18-gaab0e96 (webtiles) character file.

27 HaroldButt the Conjurer (level 2, -5/20 HPs)
             Began as a Draconian Conjurer on Nov 11, 2015.
             Killed from afar by Natasha (6 damage)
             ... with a magic dart
             ... on level 2 of the Dungeon.
             The game lasted 00:04:12 (795 turns).

HaroldButt the Conjurer (Draconian Conjurer)         Turns: 795, Time: 00:04:12

Health: -5/20      AC:  4    Str: 10    XL:     2   Next: 93%
Magic:  4/5        EV: 12    Int: 15    God:
Gold:   71         SH:  0    Dex: 11    Spells: 2 memorised, 2 levels left

rFire  . . .     SeeInvis .     k - +0 dagger
rCold  . . .     Clarity  .     (armour unavailable)
rNeg   . . .     SustAt   .     (no shield)
rPois  .         Gourm    .     (helmet restricted)
rElec  .         Spirit   .     (no cloak)
rCorr  .         Warding  .     (no gloves)
rMut   .         Stasis   .     (no boots)
MR     .....                    (no amulet)
Stlth  ++........               (no ring)
                                (no ring)

@: slowed, very slow, not resistant to hostile enchantments, unstealthy
A: unfitting armour, cold-blooded, AC +4
a: no special abilities


You were on level 2 of the Dungeon.
You were not hungry.

You visited 1 branch of the dungeon, and saw 2 of its levels.

You collected 71 gold pieces.

Inventory:

Hand Weapons
 k - a +0 dagger (weapon)
Missiles
 g - 95 stones (quivered)
Scrolls
 e - a scroll of identify {unknown}
 f - a scroll of blinking {unknown}
 i - a scroll of remove curse {unknown}
 j - a scroll of magic mapping {unknown}
 l - a scroll of recharging {unknown}
 m - a scroll of random uselessness {unknown}
Potions
 h - 2 potions of degeneration {unknown}
 n - 2 potions of curing {unknown}
 o - a potion of mutation {unknown}
Books
 a - a book of Conjurations

   Spells                             Type                      Level
   a - Magic Dart                     Conjuration                  1
   b - Searing Ray                    Conjuration                  2
   c - Dazzling Spray                 Conjuration/Hexes            3
   d - Fulminant Prism                Conjuration/Hexes            4
   e - Iskenderun's Mystic Blast      Conjuration                  4
   f - Iskenderun's Battlesphere      Conjuration/Charms           5
Comestibles
 b - a bread ration
 c - 3 beef jerkies
 d - 7 chunks of flesh


   Skills:
 - Level 1.7 Dodging
 - Level 1.7 Stealth
 + Level 2.4 Spellcasting
 * Level 4.6 Conjurations


You had 2 spell levels left.
You knew the following spells:

 Your Spells              Type           Power        Failure   Level  Hunger
a - Magic Dart            Conj           ###.         3%          1    #......
b - Searing Ray           Conj           ###...       6%          2    ###....


Dungeon Overview and Level Annotations

Branches:
Dungeon (2/15)

Altars:

Annotations:
D:2 Natasha


Innate Abilities, Weirdness & Mutations

Your plain brown scales are hard (AC +4).
Your body does not fit into most forms of armour.
You are cold-blooded and may be slowed by cold attacks.


Message History

Natasha mumbles some strange words.
Natasha growls.
Natasha howls an incantation.
Natasha shimmers violently.
Natasha stares at you and mumbles some strange words.
You feel yourself slow down. Natasha closely misses you. Natasha misses you.
Natasha claws you.
Natasha wildly gestures.
You feel troubled. Natasha claws you!
* * * LOW HITPOINT WARNING * * *
The crimson imp grins evilly.
The crimson imp blinks!
Natasha claws you but does no damage. Natasha claws you.
* * * LOW HITPOINT WARNING * * *
Natasha mumbles some strange words.
Natasha stares at you and mumbles some strange words.
The magic dart hits you!
You die...

#.....##...#...# ####
#.....##...#...# ##....
#.....##...#.).# .....
######..............#######.#.###
..............)..................
............#......5.............
............###.....5######......
......#.#....##...h..# ....##
......#.#....##.@##### ......
......#.#..........<.... 5.....
......#.##.............. ......
......#.##.#.......####. #.#.##
รท.....#.##.####.#.##
......#.##.####.#...
.......>.............
......####.##.#.#....#
......####.# .###....#


You could see 2 iron imps and Natasha.

Vanquished Creatures
  2 worms (D:2)
  A giant cockroach (D:1)
  5 goblins
  4 hobgoblins
  3 jackals (D:2)
  A bat (D:2)
  A giant newt (D:1)
  3 rats
20 creatures vanquished.

Notes
Turn   | Place    | Note
--------------------------------------------------------------
     0 | D:1      | HaroldButt the Draconian Conjurer began the quest for the Orb.
     0 | D:1      | Reached XP level 1. HP: 14/14 MP: 3/3
   258 | D:1      | Reached XP level 2. HP: 15/20 MP: 0/5
   262 | D:1      | Learned a level 2 spell: Searing Ray
   783 | D:2      | Noticed Natasha
   794 | D:2      | HP: 1/20 [Natasha (4)]
   795 | D:2      | Killed from afar by Natasha

Action                   || total
-------------------------++-------
Melee: Unarmed           ||    17
       Dagger            ||    10
 Cast: Magic Dart        ||    32
       Searing Ray       ||     2
